 Dungeon Crawl Stone Soup version 0.23.2-1-ga50397a6bc (webtiles) character file.

Game seed: 9669342586879647236

159 Morbidden the Skirmisher (level 4, 0/38 HPs)
             Began as a Demigod Fighter on May 5, 2019.
             Slain by an orc
             ... wielding a +2 trident of protection
              (2 damage)
             ... on level 3 of the Dungeon.
             The game lasted 00:02:10 (1467 turns).

Morbidden the Skirmisher (Demigod Fighter)          Turns: 1467, Time: 00:02:10

Health: 0/38       AC:  6    Str: 21    XL:     4   Next: 95%
Magic:  6/6        EV:  7    Int: 12    God:
Gold:   69         SH:  9    Dex: 15    Spells: 3/3 levels left

rFire    . . .     SeeInvis .   a - +0 long sword
rCold    . . .     Gourm    .   c - +0 shield
rNeg     . . .     Faith    .   b - +0 scale mail
rPois    .         Spirit   .   (no helmet)
rElec    .         Reflect  .   (no cloak)
rCorr    .         Harm     .   (no gloves)
MR       .....                  (no boots)
Stlth    ..........             k - amulet of rage
HPRegen  0.12/turn              (no ring)
MPRegen  0.10/turn              (no ring)

@: berserk cooldown, slowed, very slow
A: high mp 1
a: Evoke Berserk Rage


You were on level 3 of the Dungeon.
You were near starving.

You visited 1 branch of the dungeon, and saw 3 of its levels.

You collected 69 gold pieces.

Inventory:

Hand Weapons
 a - a +0 long sword (weapon)
Armour
 b - a +0 scale mail (worn)
 c - a +0 shield (worn)
Jewellery
 k - an amulet of rage (around neck)
Scrolls
 e - 3 scrolls of remove curse {unknown}
 g - a scroll of fear {unknown}
 h - a scroll of amnesia {unknown}
Potions
 d - a potion of might
 i - 2 potions of curing {unknown}
 j - a potion of invisibility {unknown}
 l - a potion of mutation {unknown}
 m - 2 potions of ambrosia {unknown}
 n - a potion of heal wounds {unknown}
Comestibles
 f - 6 rations


   Skills:
 * Level 3.4 Fighting
 * Level 3.3 Long Blades
 + Level 3.3 Armour
 + Level 0.8 Dodging
 + Level 3.1 Shields
 * Level 0.1 Evocations


You had 3 spell levels left.
You didn't know any spells.
Your spell library was empty.

Dungeon Overview and Level Annotations

Branches:
Dungeon (3/15)


Innate Abilities, Weirdness & Mutations

You have an increased reservoir of magic. (+10% MP)


Message History

You kill the orc!
The orc hits you but does no damage.
The orc hits you from afar with a +0 trident.
* * * LOW HITPOINT WARNING * * *
You block the giant cockroach's attack. The orc hits you but does no damage.
Unknown command.
You hit the orc but do no damage.
The orc is lightly wounded.
The orc hits you with a +0 short sword.
* * * LOW HITPOINT WARNING * * *
The giant cockroach bites you but does no damage.
You block the orc's attack. The orc barely misses you.
Unknown command.
The orc hits you but does no damage. You block the orc's attack.
You feel a strong urge to attack something.
You are no longer berserk.
You are exhausted.
You feel yourself slow down.
The orc hits you from afar with a +2 trident of protection.
You die...

### .....# ..
..# .....#. ...
..##..(....
...##.........?
..!.......... .
#....#......
..###...........
........@.##...
##.....#.......
#...oso.......
#..o..).......
.............###
.###.#.....###
...#....<# ..#
#...... ...
#.......


You could see 2 orcs and a giant cockroach.

Vanquished Creatures
  An orc priest (D:2)
  Terence (D:2)
  3 adders
  An ooze (D:1)
  2 worms
  3 dart slugs (D:1)
  4 orcs
  A ball python (D:2)
  8 bats
  5 giant cockroaches
  5 goblins
  5 hobgoblins
  3 jackals (D:1)
  2 kobolds (D:2)
  2 quokkas (D:2)
  3 frilled lizards
  8 rats
57 creatures vanquished.

Notes
Turn   | Place    | Note
-------+----------+-------------------------------------------
     0 | D:1      | Morbidden the Demigod Fighter began the quest for the Orb.
     0 | D:1      | Reached XP level 1. HP: 18/18 MP: 3/3
    78 | D:1      | Reached XP level 2. HP: 23/26 MP: 4/4
   414 | D:1      | Reached XP level 3. HP: 31/31 MP: 5/5
   919 | D:2      | Reached XP level 4. HP: 14/38 MP: 6/6
  1079 | D:2      | Noticed Terence
  1103 | D:2      | Killed Terence
  1467 | D:3      | Slain by an orc

Skill      XL: |  1  2  3  4 |
---------------+-------------+-----
Fighting       | 3 |  3.4
Long Blades    | 2 3 |  3.3
Armour         | 3 |  3.3
Shields        | 3 |  3.1
Dodging        | |  0.8
Evocations     | |  0.1

Action                   |  1- 3 |  4- 6 || total
-------------------------+-------+-------++-------
Melee: Long sword        |   103 |    56 ||   159
 Abil: Evoke Berserk Rag |     1 |     2 ||     3
  Eat: Chunk             |       |     3 ||     3
Armor: Scale mail        |    66 |    31 ||    97
Dodge: Dodged            |    32 |    28 ||    60
Block: Shield            |    68 |    36 ||   104
       Rpst.: Long sword |     9 |    10 ||    19
